 Dungeon Crawl Stone Soup version 0.14-a0-2679-gcb94c3d (webtiles) character file.

191 Egon the Chiller (level 4, -6/22 HPs)
             Began as a Vine Stalker Ice Elementalist on Feb 18, 2014.
             Mangled by Grinder (7 damage)
             ... while paralysed by Grinder
             ... on Level 3 of the Dungeon.
             The game lasted 00:10:42 (1701 turns).

Egon the Chiller (Vine Stalker Ice Elementalist)    Turns: 1701, Time: 00:10:42

HP  -6/22        AC  7     Str 10      XL: 4   Next: 63%
MP   0/9         EV  2     Int 16      God:
Gold 97          SH  0     Dex 15      Spells:  3 memorised,  2 levels left

rFire  . . .     SeeInvis .     b - +0 short sword
rCold  + . .     Clarity  .     g - +0 robe
rNeg   . . .     Conserve .     (no shield)
rPois  .         rCorr    .     (no helmet)
rElec  .         rRot     +     (no cloak)
SustAb . .       Spirit   +     (no gloves)
rMut   .         Warding  .     (no boots)
Saprov . . .     Stasis   .     (no amulet)
MR     .....                    (no ring)
                                m - ring of protection from cold {unknown}

@: paralysed, icy armour, not resistant to hostile enchantments, stealthy
A: fangs 2, regeneration 1, magic shield, antimagic bite, no device heal
a: no special abilities


You were on level 3 of the Dungeon.
You were not hungry.

You visited 1 branch of the dungeon, and saw 3 of its levels.

You collected 97 gold pieces.

Inventory:

Hand weapons
 a - a +0,+0 elven dagger
 b - a +0,+0 short sword (weapon)
Armour
 g - a +0 robe (worn)
Comestibles
 c - 4 bread rations
 n - a meat ration
 o - a chunk of adder flesh
 p - an apple
Scrolls
 d - a scroll of curse jewellery {unknown}
 e - 3 scrolls of enchant weapon I {unknown}
 k - a scroll of remove curse
 r - 4 scrolls of enchant weapon II {unknown}
 t - 2 scrolls of random uselessness {unknown}
Jewellery
 m - a ring of protection from cold (left hand) {unknown}
Potions
 h - a potion of resistance {unknown}
 i - 5 potions of curing {unknown}
 j - 2 potions of heal wounds {unknown}
 l - 2 potions of brilliance {unknown}
 q - a potion of speed {unknown}
Books
 f - a book of Frost

   Spells                             Type                      Level
   *Freeze                            Ice                          1
   *Throw Frost                       Conjuration/Ice              2
   *Ozocubu's Armour                  Charms/Ice                   3
   Throw Icicle                       Conjuration/Ice              4
   Summon Ice Beast                   Ice/Summoning                4
   Condensation Shield                Ice                          4


   Skills:
 + Level 1.1 Fighting
 + Level 0.1 Short Blades
 + Level 2.1 Dodging
 + Level 3.1 Stealth
 + Level 1.6 Unarmed Combat
 + Level 2.7 Spellcasting
 - Level 1.0 Conjurations
 + Level 3.3 Ice Magic


You had 2 spell levels left.
You knew the following spells:

 Your Spells              Type           Power        Failure   Level  Hunger
a - Freeze                Ice            ##..         6%          1    #......
b - Ozocubu's Armour      Chrm/Ice       #.........   34%         3    ###....
c - Throw Frost           Conj/Ice       #.....       14%         2    ##.....


Dungeon Overview and Level Annotations

Branches:
Dungeon (3/16)

Altars:
Nemelex Xobeh
Trog

Annotations:
D:3 Grinder


Innate Abilities, Weirdness & Mutations

You have extremely sharp teeth.
Your natural rate of healing is unusually fast.
When hurt, damage is shared between your health and your magic reserves.
Your bite disrupts and absorbs the magic of your enemies.
Potions and wands cannot restore your HP.


Message History

Unknown command.
Press: ? - help, v - describe, . - travel
Here: Grinder The floor.
You barely miss Grinder. Grinder hits you.
You closely miss Grinder. Grinder gestures at you.
Pain shoots through your body!
Unknown command.
You hit Grinder but do no damage. Your bite misses Grinder.
Grinder gestures at you.
You suddenly lose the ability to move!
Grinder hits you.
You writhe in agony.
* * * LOW HITPOINT WARNING * * *
Grinder hits you but does no damage. Grinder hits you.
* * * LOW HITPOINT WARNING * * *
You writhe in agony.
Grinder hits you!
You die...

## .# ########.#
..........#
#.#########@.# ...
............5# ...
#.##.######.###
..####.##..........#
.......# #######.#.##
....##.# #.>..##
.....#.# #..#..#
.....#.##### ##....#
...........#######.#.#


You could see Grinder.

Vanquished Creatures
  Terence (D:3)
  4 adders
  A worm (D:3)
  A giant gecko (D:2)
  An orc (D:3)
  A giant cockroach (D:2)
  6 goblins
  7 hobgoblins
  7 kobolds
  2 ball pythons
  3 bats
  3 giant newts
  2 quokkas (D:2)
  2 rats (D:2)
41 creatures vanquished.

Notes
Turn   | Place    | Note
--------------------------------------------------------------
     0 | D:1      | Egon, the Vine Stalker Ice Elementalist, began the quest for the Orb.
     0 | D:1      | Reached XP level 1. HP: 9/9 MP: 3/3
   162 | D:1      | Reached XP level 2. HP: 13/13 MP: 3/5
   720 | D:2      | Reached skill level 1 in Unarmed Combat
   792 | D:2      | Reached XP level 3. HP: 17/17 MP: 5/7
   918 | D:2      | Reached skill level 1 in Fighting
  1181 | D:2      | Found a sparkling altar of Nemelex Xobeh.
  1185 | D:2      | Reached XP level 4. HP: 22/22 MP: 1/9
  1334 | D:3      | Learned a level 3 spell: Ozocubu's Armour
  1337 | D:3      | Learned a level 2 spell: Throw Frost
  1365 | D:3      | Noticed Terence
  1379 | D:3      | Killed Terence
  1430 | D:3      | Found a bloodstained altar of Trog.
  1691 | D:3      | Noticed Grinder
  1697 | D:3      | Paralysed by Grinder for 7 turns
  1700 | D:3      | HP: 1/22 [Grinder (3)]
  1701 | D:3      | Mangled by Grinder

Action                   |  1- 3 |  4- 6 || total
-------------------------+-------+-------++-------
Melee: Short sword       |    30 |    14 ||    44
       Unarmed           |     3 |       ||     3
       Dagger            |     8 |    10 ||    18
 Cast: Freeze            |    33 |    16 ||    49
       Ozocubu's Armour  |       |     4 ||     4
  Use: Scroll            |     5 |       ||     5
 Stab: Sleeping          |     5 |     3 ||     8
